MLB
BALTIMORE ORIOLES @ NEW YORK METS
09/27/2098
 
TOP OF THE 1ST
Baltimore Orioles batting - Pitching for New York Mets : RHP Zaire Shaw
Pitching: RHP Zaire Shaw
Batting: LHB Jeremy Marshall 0-0: Ball
1-0: Fly out, F8 (Flyball, 8RD, EV 97.5 MPH)
Batting: LHB Jerry Peterson 0-0: Ball
1-0: Foul Ball, location: 25F
1-1: Ground out 4-3 (Groundball, 4, EV 105.6 MPH)
Batting: RHB Eduardo Lopez 0-0: Ground out 6-3 (Groundball, 6, EV 89.4 MPH)
Top of the 1st over - 0 runs, 0 hits, 0 errors, 0 left on base; Baltimore 0 - New York 0
BOTTOM OF THE 1ST
New York Mets batting - Pitching for Baltimore Orioles : RHP Chris Sable
Pitching: RHP Chris Sable
Batting: RHB Jose de la Rosa 0-0: Called Strike
0-1: Ball
1-1: Ball
2-1: Foul Ball, location: 23FF
2-2: Foul Ball, location: 3DF
2-2: Foul Ball, location: 2RF
2-2: Strikes out looking
Batting: RHB Ryan Taylor 0-0: Foul Ball, location: 2RF
0-1: Foul Ball, location: 9LDF
0-2: Ball
1-2: Foul Ball, location: 23F
1-2: Strikes out swinging
Batting: RHB Jeff Hestermann 0-0: Ball
1-0: Swinging Strike
1-1: Called Strike
1-2: Foul Ball, location: 2F
1-2: Ball
2-2: Ball
3-2: Strikes out looking
Bottom of the 1st over - 0 runs, 0 hits, 0 errors, 0 left on base; Baltimore 0 - New York 0
TOP OF THE 2ND
Baltimore Orioles batting - Pitching for New York Mets : RHP Zaire Shaw
Batting: RHB Jonathan Skye 0-0: Foul Ball, location: 3DF
0-1: Called Strike
0-2: Ball
1-2: Strikes out swinging
Batting: LHB Kenny West 0-0: Called Strike
0-1: Swinging Strike
0-2: Ball
1-2: Strikes out swinging
Batting: LHB Nate Wagner 0-0: Ground out 6-3 (Groundball, 6, EV 88.1 MPH)
Top of the 2nd over - 0 runs, 0 hits, 0 errors, 0 left on base; Baltimore 0 - New York 0
BOTTOM OF THE 2ND
New York Mets batting - Pitching for Baltimore Orioles : RHP Chris Sable
Batting: LHB Omar Gomez 0-0: Foul Ball, location: 2F
0-1: Ball
1-1: Ball
2-1: Called Strike
2-2: Foul Ball, location: 2F
2-2: Fly out, F4 (Popup, 3DF, EV 43.1 MPH)
Batting: SHB Curt Tolley 0-0: Called Strike
0-1: Swinging Strike
0-2: Ball
1-2: Ball
2-2: Ground out 5-3 (Groundball, 56, EV 101.9 MPH)
Batting: LHB Mike Thompson 0-0: Swinging Strike
0-1: Ball
1-1: Called Strike
1-2: Strikes out looking
Bottom of the 2nd over - 0 runs, 0 hits, 0 errors, 0 left on base; Baltimore 0 - New York 0
TOP OF THE 3RD
Baltimore Orioles batting - Pitching for New York Mets : RHP Zaire Shaw
Batting: RHB Travis Darling 0-0: Called Strike
0-1: Ball
1-1: SINGLE (Groundball, 3D, EV 99.4 MPH)
Batting: RHB Victor Rojas 0-0: Ball
1-0: Sac Bunt to 5S - play at first, batter OUT! 5-3
Travis Darling to second
Batting: RHB Ed Pollock 0-0: Ball
1-0: Ball
2-0: Ball
3-0: Base on Balls
Batting: LHB Jeremy Marshall 0-0: Foul Ball, location: 25FF
0-1: Fielders Choice at 2nd, 6-4 (Groundball, 56, EV 82.5 MPH)
Travis Darling to third
Batting: LHB Jerry Peterson 0-0: Ball
1-0: Ball
2-0: Called Strike
2-1: Swinging Strike
2-2: Foul Ball, location: 23F
2-2: Foul Ball, location: 5F
2-2: Foul Ball, location: 2F
2-2: Strikes out swinging
Top of the 3rd over - 0 runs, 1 hit, 0 errors, 2 left on base; Baltimore 0 - New York 0
BOTTOM OF THE 3RD
New York Mets batting - Pitching for Baltimore Orioles : RHP Chris Sable
Batting: RHB Marty Krpan 0-0: Ground out 6-3 (Groundball, 6MD, EV 96.3 MPH)
Batting: RHB Frank Cambrelen 0-0: Called Strike
0-1: Ball
1-1: Ball
2-1: Ball
3-1: Base on Balls
Batting: RHB Nate Morrison 0-0: Swinging Strike
0-1: Foul Ball, location: 2F
0-2: Strikes out looking
Batting: RHB Jose de la Rosa 0-0: Foul Ball, location: 2F
0-1: Foul Ball, location: 5DF
0-2: Fly out, F7 (Flyball, 78M, EV 96.3 MPH)
Bottom of the 3rd over - 0 runs, 0 hits, 0 errors, 1 left on base; Baltimore 0 - New York 0
TOP OF THE 4TH
Baltimore Orioles batting - Pitching for New York Mets : RHP Zaire Shaw
Batting: RHB Eduardo Lopez 0-0: Called Strike
0-1: Called Strike
0-2: Strikes out swinging
Batting: RHB Jonathan Skye 0-0: Called Strike
0-1: Called Strike
0-2: Ball
1-2: Foul Ball, location: 2F
1-2: Fly out, F7 (Flyball, 78M, EV 96.3 MPH)
Batting: LHB Kenny West 0-0: Ball
1-0: Ball
2-0: Foul Ball, location: 23F
2-1: Swinging Strike
2-2: Strikes out looking
Top of the 4th over - 0 runs, 0 hits, 0 errors, 0 left on base; Baltimore 0 - New York 0
BOTTOM OF THE 4TH
New York Mets batting - Pitching for Baltimore Orioles : RHP Chris Sable
Batting: RHB Ryan Taylor 0-0: Foul Ball, location: 9LSF
0-1: Foul Ball, location: 5SF
0-2: Foul Ball, location: 3SF
0-2: Foul Ball, location: 7LMF
0-2: Foul Ball, location: 3SF
0-2: Strikes out swinging
Batting: RHB Jeff Hestermann 0-0: Swinging Strike
0-1: Foul Ball, location: 2F
0-2: Strikes out swinging
Batting: LHB Omar Gomez 0-0: Called Strike
0-1: Fly out, F9 (Flyball, 9D, EV 100.6 MPH)
Bottom of the 4th over - 0 runs, 0 hits, 0 errors, 0 left on base; Baltimore 0 - New York 0
TOP OF THE 5TH
Baltimore Orioles batting - Pitching for New York Mets : RHP Zaire Shaw
Batting: LHB Nate Wagner 0-0: Ball
1-0: Called Strike
1-1: Foul Ball, location: 7LMF
1-2: Ball
2-2: Ball
3-2: Strikes out looking
Batting: RHB Travis Darling 0-0: Ball
1-0: Called Strike
1-1: Ball
2-1: Swinging Strike
2-2: Foul Ball, location: 5F
2-2: Strikes out swinging
Batting: RHB Victor Rojas 0-0: Ground out 6-3 (Groundball, 6M, EV 85.6 MPH)
Top of the 5th over - 0 runs, 0 hits, 0 errors, 0 left on base; Baltimore 0 - New York 0
BOTTOM OF THE 5TH
New York Mets batting - Pitching for Baltimore Orioles : RHP Chris Sable
Batting: SHB Curt Tolley 0-0: Ball
1-0: SOLO HOME RUN (Flyball, 9LD, EV 98.1 MPH), Distance : 363 ft
Batting: LHB Mike Thompson 0-0: Ball
1-0: Ball
2-0: Called Strike
2-1: SINGLE (Groundball, P, EV 91.9 MPH) (infield hit)
Batting: RHB Marty Krpan 0-0: Ball
1-0: Called Strike
1-1: Swinging Strike
1-2: Foul Ball, location: 2F
1-2: Strikes out swinging
Batting: RHB Frank Cambrelen 0-0: Called Strike
0-1: Grounds into double play, 6-4-3 (Groundball, 6, EV 86.9 MPH)
Bottom of the 5th over - 1 run, 2 hits, 0 errors, 0 left on base; Baltimore 0 - New York 1
TOP OF THE 6TH
Baltimore Orioles batting - Pitching for New York Mets : RHP Zaire Shaw
Batting: RHB Ed Pollock 0-0: Called Strike
0-1: Foul Ball, location: 25F
0-2: Ball
1-2: Ball
2-2: Ground out 5-3 (Groundball, 56, EV 83.1 MPH)
Batting: LHB Jeremy Marshall 0-0: Called Strike
0-1: Foul Ball, location: 2F
0-2: Ball
1-2: Ball
2-2: Ball
3-2: Strikes out swinging
Batting: LHB Jerry Peterson 0-0: Ball
1-0: Ball
2-0: Called Strike
2-1: Foul Ball, location: 2RF
2-2: Foul Ball, location: 5F
2-2: Foul Ball, location: 7LSF
2-2: Ball
3-2: Strikes out looking
Top of the 6th over - 0 runs, 0 hits, 0 errors, 0 left on base; Baltimore 0 - New York 1
BOTTOM OF THE 6TH
New York Mets batting - Pitching for Baltimore Orioles : RHP Chris Sable
Batting: RHB Nate Morrison 0-0: Called Strike
0-1: SINGLE (Groundball, 56, EV 107.5 MPH)
Batting: RHB Jose de la Rosa 0-0: Called Strike
0-1: Called Strike
Nate Morrison steals 2nd base
0-2: Ball
1-2: Fly out, F8 (Flyball, 8RS, EV 93.1 MPH)
Batting: RHB Ryan Taylor 0-0: Swinging Strike
0-1: Ball
1-1: Called Strike
1-2: Strikes out swinging
Batting: RHB Jeff Hestermann 0-0: Ball
1-0: Called Strike
1-1: Fly out, F7 (Flyball, 7, EV 93.8 MPH)
Bottom of the 6th over - 0 runs, 1 hit, 0 errors, 1 left on base; Baltimore 0 - New York 1
TOP OF THE 7TH
Baltimore Orioles batting - Pitching for New York Mets : RHP Zaire Shaw
Batting: RHB Eduardo Lopez 0-0: Called Strike
0-1: Ball
1-1: Foul Ball, location: 5F
1-2: Foul Ball, location: 9LDF
1-2: Ball
2-2: Foul Ball, location: 2F
2-2: Strikes out swinging, 2-3 out at first.
Batting: RHB Jonathan Skye 0-0: Ground out 4-3 (Groundball, 4M, EV 100.0 MPH)
Batting: LHB Kenny West 0-0: Ball
1-0: Ground out 4-3 (Groundball, 4, EV 109.4 MPH)
Top of the 7th over - 0 runs, 0 hits, 0 errors, 0 left on base; Baltimore 0 - New York 1
BOTTOM OF THE 7TH
New York Mets batting - Pitching for Baltimore Orioles : RHP Chris Sable
Batting: LHB Omar Gomez 0-0: Foul Ball, location: 2F
0-1: Called Strike
0-2: Ball
1-2: Strikes out looking
Batting: SHB Curt Tolley 0-0: Ball
1-0: Ball
2-0: Ball
3-0: Base on Balls
Batting: LHB Mike Thompson 0-0: DOUBLE (Line Drive, 78XD, EV 104.4 MPH)
Curt Tolley to third
Batting: RHB Marty Krpan 0-0: Intentional Walk
Batting: RHB Frank Cambrelen 0-0: Called Strike
0-1: Foul Ball, location: 2F
0-2: Ball
1-2: Foul Ball, location: 3SF
1-2: Ball
2-2: Foul Ball, location: 3F
2-2: Foul Ball, location: 5FF
2-2: Strikes out looking
Pinch Hitting: LHB David Thomas 0-0: Ball
1-0: Foul Ball, location: 7LMF
1-1: Ball
2-1: Ball
3-1: Base on Balls
Curt Tolley scores
Mike Thompson to third
Marty Krpan to second
Pitching: RHP Jared Norton
Batting: RHB Jose de la Rosa 0-0: Ball
1-0: Ball
2-0: Ball
3-0: Swinging Strike
3-1: Swinging Strike
3-2: Strikes out looking
Bottom of the 7th over - 1 run, 1 hit, 0 errors, 3 left on base; Baltimore 0 - New York 2
TOP OF THE 8TH
Baltimore Orioles batting - Pitching for New York Mets : RHP Zaire Shaw
Now at 3B: Erik Bazan
Batting: LHB Nate Wagner 0-0: Ball
1-0: Ball
2-0: Fly out, F8 (Flyball, 8RXD, EV 89.4 MPH)
Pinch Hitting: LHB Dave Schwabe 0-0: Called Strike
0-1: SOLO HOME RUN (Flyball, 89XD, EV 96.9 MPH), Distance : 395 ft
Batting: RHB Victor Rojas 0-0: Ball
1-0: Ball
2-0: Ball
3-0: Base on Balls
Pinch Hitting: SHB Rafael Garza 0-0: Swinging Strike
0-1: Foul Ball, location: 5SF
0-2: Strikes out swinging
Batting: LHB Jeremy Marshall 0-0: Ball
1-0: Called Strike
1-1: Foul Ball, location: 7LDF
1-2: Ground out 4-3 (Groundball, 4, EV 99.4 MPH)
Top of the 8th over - 1 run, 1 hit, 0 errors, 1 left on base; Baltimore 1 - New York 2
BOTTOM OF THE 8TH
New York Mets batting - Pitching for Baltimore Orioles : RHP Jared Norton
Now at SS: Lee Board
Now in RF: Rafael Garza
Batting: RHB Ryan Taylor 0-0: Ground out U3 (Groundball, 34, EV 96.3 MPH)
Batting: RHB Jeff Hestermann 0-0: Called Strike
0-1: Ball
1-1: Ball
2-1: Ball
3-1: Called Strike
3-2: Base on Balls
Batting: LHB Omar Gomez 0-0: Grounds into double play, 6-4-3 (Groundball, 6, EV 94.4 MPH)
Bottom of the 8th over - 0 runs, 0 hits, 0 errors, 0 left on base; Baltimore 1 - New York 2
TOP OF THE 9TH
Baltimore Orioles batting - Pitching for New York Mets : RHP Zaire Shaw
Pitching: RHP Luis Manzano
Now at 1B: Jeff Hestermann
Now at 2B: Ben Keyser
Now at SS: Cesar Oropeza
Now in LF: Mark Lamb
Batting: LHB Jerry Peterson 0-0: Swinging Strike
0-1: Foul Ball, location: 2F
0-2: Ball
1-2: Ball
2-2: Strikes out looking
Batting: RHB Eduardo Lopez 0-0: Ball
1-0: Called Strike
1-1: Fly out, F8 (Flyball, 89M, EV 81.9 MPH)
Batting: RHB Jonathan Skye 0-0: Ball
1-0: Ball
2-0: Foul Ball, location: 9LMF
2-1: Ball
3-1: Fly out, F8 (Flyball, 8LD, EV 104.4 MPH)
Top of the 9th over - 0 runs, 0 hits, 0 errors, 0 left on base; Baltimore 1 - New York 2
Sunday, April 14th , 2024 - OOTP Baseball 24.11 Build 85